Map: [ESL] Moondance

Players

Creator

  • Race: Protoss Protoss
  • Spawn Location: 12:00

Krystianer - Winner!

  • Race: Protoss Protoss
  • Spawn Location: 6:00

Event: DreamHack SC2 Masters 2022 Valencia

VOD

Have the link to the VOD?

Description

Time

  • Played on: July 1, 2022, 12:53 p.m.
  • Length: 10:00

All games in this series

Show
View Real Time Build Order
Export as new Build Order

Creator Protoss 

Build Orders:  

Get SALT Encoding   

  12  0:00  Probe  
  13  0:12  Probe  
  14  0:17  Pylon  
  14  0:24  Probe (Chrono Boost)  
  16  0:35  Gateway  
  16  0:36  Probe (Chrono Boost)  
  16  0:43  Probe (Chrono Boost)  
  16  0:45  Assimilator  
  17  0:51  Probe  
  18  0:59  Assimilator  
  18  1:03  Probe (Chrono Boost)  
  19  1:07  Gateway  
  19  1:12  Probe (Chrono Boost)  
  19  1:17  Probe (Chrono Boost)  
  20  1:24  Cybernetics Core  
  21  1:29  Probe  
  22  1:34  Pylon  
  22  1:41  Probe  
  23  1:53  Probe  
  24  2:03  Stalker x2  
  24  2:04  Warp Gate  
  28  2:11  Pylon  
  28  2:25  Pylon  
  28  2:34  Sentry x2  
  32  2:42  Nexus  
  32  2:46  Shield Battery  
  32  2:49  Probe  
  33  3:01  Stalker  
  33  3:02  Sentry  
  33  3:05  Probe  
  38  3:10  Pylon  
  38  3:18  Twilight Council  
  38  3:22  Probe (Chrono Boost)  
  39  3:34  Probe (Chrono Boost)  
  40  3:40  Probe (Chrono Boost)  
  41  3:45  Forge  
  41  3:48  Probe  
  41  3:52  Stalker  
  41  3:54  Stalker  
  45  4:08  Blink  
  45  4:10  Probe x2  
  47  4:17  Stalker  
  47  4:20  Phoenix  
  47  4:21  Shield Battery  
  50  4:24  Probe x2 (Chrono Boost)  
  49  4:36  Probe x2 (Chrono Boost)  
  50  4:43  Protoss Ground Weapons Level 1, Probe x2 (Chrono Boost)  
  50  4:50  Probe x2  
  52  4:54  Stalker  
  54  5:03  Probe x2 (Chrono Boost)  
  55  5:09  Pylon  
  55  5:14  Probe x2 (Chrono Boost)  
  57  5:17  Phoenix  
  57  5:18  Probe x2 (Chrono Boost)  
  59  5:28  Nexus  
  59  5:29  Pylon, Probe  
  59  5:31  Phoenix  
  59  5:34  Probe  
  58  5:39  Stalker  
  58  5:41  Probe  
  61  5:48  Probe (Chrono Boost)  
  62  5:51  Stalker  
  62  5:53  Probe (Chrono Boost), Robotics Facility  
  65  6:02  Probe (Chrono Boost)  
  65  6:03  Probe (Chrono Boost)  
  67  6:06  Gateway  
  67  6:07  Probe (Chrono Boost), Shield Battery  
  69  6:12  Probe (Chrono Boost)  
  69  6:17  Assimilator  
  69  6:19  Probe (Chrono Boost)  
  69  6:21  Charge  
  69  6:23  Pylon  
  71  6:26  Probe (Chrono Boost)  
  71  6:29  Probe (Chrono Boost)  
  72  6:33  Stalker  
  72  6:34  Probe (Chrono Boost)  
  72  6:36  Pylon  
  72  6:38  Probe (Chrono Boost)  
  76  6:41  Observer, Probe (Chrono Boost)  
  76  6:43  Probe (Chrono Boost)  
  76  6:46  Gateway  
  80  6:50  Stalker  
  80  6:52  Probe (Chrono Boost)  
  80  6:53  Probe (Chrono Boost)  
  80  6:54  Probe (Chrono Boost)  
  84  6:55  Shield Battery, Protoss Ground Weapons Level 2 (Chrono Boost)  
  84  6:58  Probe x2 (Chrono Boost)  
  84  7:01  Probe  
  87  7:02  Gateway  
  87  7:10  Stalker x2  
  87  7:14  Zealot  
  87  7:15  Pylon  
  93  7:19  Immortal (Chrono Boost)  
  94  7:29  Probe x3  
  96  7:33  Stalker  
  98  7:37  Stalker, Zealot  
  98  7:41  Pylon, Probe x2  
  98  7:42  Probe  
  105  7:46  Photon Cannon  
  105  7:51  Zealot  
  107  8:00  Probe x2  
  107  8:01  Probe  
  107  8:03  Assimilator  
  107  8:04  Templar Archives, Assimilator  
  110  8:06  Gateway  
  110  8:09  Gateway  
  110  8:11  Gateway  
  110  8:14  Observer  
  111  8:23  Nexus, Zealot x3  
  117  8:34  Zealot x2  
  117  8:37  Warp Prism  
  121  8:45  Stalker  
  121  8:47  Stalker  
  121  8:48  Stalker  
  112  8:57  Stalker x2  
  112  9:01  Stalker  
  118  9:07  High Templar x2  
  118  9:11  Archon  
  118  9:14  Zealot x2  
  115  9:18  Zealot  
  115  9:22  Zealot x2  
  107  9:25  Zealot  
  94  9:32  Probe x3  
  94  9:38  Zealot x3  
  91  9:41  Stalker x2  
  85  9:46  Zealot x2  
  85  9:52  Zealot  
Show
View Real Time Build Order
Export as new Build Order

Krystianer Protoss - Winner!

Build Orders: Oracle Opening, Zealot Archon 

Get SALT Encoding   

  12  0:00  Probe  
  13  0:12  Probe  
  14  0:17  Pylon  
  14  0:24  Probe (Chrono Boost)  
  16  0:36  Probe (Chrono Boost)  
  16  0:37  Gateway  
  16  0:43  Probe (Chrono Boost)  
  16  0:45  Assimilator  
  17  0:50  Probe  
  17  0:55  Assimilator  
  18  1:03  Probe (Chrono Boost)  
  19  1:10  Gateway  
  20  1:12  Probe (Chrono Boost)  
  20  1:17  Probe (Chrono Boost)  
  20  1:24  Cybernetics Core  
  21  1:29  Probe  
  22  1:38  Pylon  
  22  1:41  Probe  
  23  1:56  Probe  
  23  2:00  Stalker  
  23  2:01  Stalker, Warp Gate  
  28  2:08  Probe  
  29  2:12  Pylon  
  29  2:20  Probe  
  30  2:28  Stargate  
  30  2:50  Nexus  
  29  2:55  Probe  
  30  3:07  Probe  
  30  3:08  Oracle (Chrono Boost)  
  34  3:19  Probe  
  35  3:20  Pylon  
  35  3:31  Probe  
  36  3:35  Oracle (Chrono Boost)  
  36  3:39  Twilight Council  
  39  3:43  Probe  
  40  3:49  Adept  
  40  3:51  Adept  
  45  3:56  Probe (Chrono Boost)  
  45  4:05  Probe (Chrono Boost)  
  47  4:12  Blink (Chrono Boost)  
  47  4:13  Probe (Chrono Boost)  
  47  4:15  Probe (Chrono Boost)  
  48  4:20  Probe x2 (Chrono Boost)  
  48  4:31  Probe x2  
  48  4:33  Stalker  
  52  4:41  Stalker  
  52  4:43  Probe x2  
  53  4:47  Shield Battery  
  53  4:55  Nexus  
  53  4:57  Stalker  
  53  4:59  Probe  
  56  5:00  Probe  
  57  5:07  Stalker  
  57  5:11  Pylon, Probe  
  57  5:14  Assimilator  
  61  5:22  Stalker  
  61  5:26  Probe  
  61  5:27  Pylon  
  62  5:40  Stalker  
  65  5:42  Probe  
  65  5:44  Robotics Facility  
  65  5:45  Probe  
  65  5:51  Stalker  
  65  5:55  Probe  
  65  5:57  Probe  
  65  6:00  Forge, Gateway  
  65  6:02  Gateway  
  65  6:03  Stalker  
  68  6:07  Probe (Chrono Boost)  
  71  6:11  Probe (Chrono Boost)  
  71  6:14  Gateway  
  71  6:15  Probe (Chrono Boost)  
  71  6:17  Gateway  
  72  6:18  Stalker, Charge  
  72  6:21  Probe (Chrono Boost)  
  72  6:22  Probe (Chrono Boost)  
  72  6:24  Probe, Assimilator  
  76  6:27  Protoss Ground Weapons Level 1 (Chrono Boost)  
  76  6:30  Stalker  
  76  6:32  Observer  
  79  6:36  Probe  
  79  6:48  Adept, Gateway  
  79  6:49  Adept, Gateway  
  83  6:55  Probe  
  84  7:03  Pylon  
  84  7:08  Nexus  
  84  7:10  Probe x2  
  84  7:14  Observer  
  84  7:15  Templar Archives, Zealot  
  88  7:17  Probe  
  88  7:22  Probe, Warp Prism (Chrono Boost)  
  90  7:30  Probe  
  90  7:36  Photon Cannon  
  89  7:39  Pylon  
  89  7:40  Zealot x3  
  89  7:43  Pylon  
  95  7:48  Pylon  
  95  7:51  High Templar x2  
  95  7:52  Zealot  
  95  7:55  Archon  
  95  7:57  Pylon  
  101  7:59  High Templar x2  
  101  8:03  Archon  
  105  8:08  Gateway, Zealot  
  105  8:09  Gateway  
  107  8:14  Observer (Chrono Boost)  
  107  8:15  Zealot x3  
  113  8:29  Probe  
  114  8:34  Zealot  
  114  8:35  Zealot x5  
  114  8:37  Zealot  
  128  8:43  Probe  
  127  8:51  Zealot  
  117  8:59  Zealot x4  
  117  9:00  Zealot x3  
  127  9:04  Zealot x2  
  127  9:07  Probe  
  126  9:16  Zealot  
  116  9:19  Zealot  
  116  9:20  Zealot x6  
  116  9:28  Zealot x2  
  116  9:30  Probe  
  113  9:32  Probe  
  104  9:45  Zealot x2  
  104  9:46  Zealot x5  
  104  9:48  Zealot  
  104  9:51  Zealot  
  108  9:54  Zealot  

Tags
 
Add a new tag
Caveats
  • Supply blocks, unpowered buildings, or Contaminate may cause inaccurate times.
  • Supply counts are checked every 10 seconds.